 Dungeon Crawl Stone Soup version bcrawl-1.40.1 (webtiles) character file.

Game seed: 8184495118233680633

279164 evdryen the Archer (level 6, -1/51 HPs)
             Began as a Centaur Hunter on Oct 26, 2023.
             Slain by a fire bat (7 damage)
             ... on level 5 of the Dungeon on Oct 27, 2023.
             The game lasted 00:19:37 (1343 turns).

evdryen the Archer (Centaur Hunter)                 Turns: 1343, Time: 00:19:38

Health: -1/51      AC:  4    Str: 17    XL:     6   Next: 0%
Magic:  7/7        EV:  9    Int: 11    God:
Gold:   57         SH:  0    Dex: 11    Spells: 7/7 levels left

rFire    . . .     GDR:     25% n - +0 short sword (venom)
rCold    . . .     SeeInvis .   (no shield)
rNeg     . . .     Gourm    .   c - +0 leather armour
rPois    .         Faith    .   (no helmet)
rElec    .         Spirit   .   (no cloak)
rCorr    .         Reflect  .   (no gloves)
MR       .....                  (no barding)
Stlth    +.........             (no amulet)
HPRegen  0.18/turn              (no ring)
MPRegen  0.10/turn              (no ring)

@: very quick
A: large, hooves 3, deformed body, herbivore, speed 2, tough skin 3
a: no special abilities


You were on level 5 of the Dungeon.
You were not hungry.

You visited 1 branch of the dungeon, and saw 5 of its levels.

You collected 57 gold pieces.

Inventory:

Hand Weapons
 a - a +2 shortbow
 b - a +0 short sword
 g - a +0 dagger
 k - a +0 hand axe
 n - a +0 short sword of venom (weapon)
Missiles
 d - 594 arrows
Armour
 c - a +0 leather armour (worn)
 i - a +0 leather armour
 l - a +0 chain mail
 p - a +0 ring mail
 q - a +0 ring mail
 r - a +0 cloak
Scrolls
 f - 2 scrolls of remove curse {unknown}
 o - a scroll of immolation {unknown}
Potions
 h - a potion of agility {unknown}
 j - 2 potions of resistance
 m - a potion of curing {unknown}
Comestibles
 e - 4 rations {!d}


   Skills:
 * Level 3.2 Fighting
 + Level 0.1 Short Blades
 + Level 8.1 Bows
 + Level 1.8 Armour
 + Level 1.6 Dodging
 + Level 0.6 Stealth
 * Level 1.0 Spellcasting


You had 7 spell levels left.
You didn't know any spells.
Your spell library was empty.

Dungeon Overview and Level Annotations

Branches:
Dungeon (5/12)
 Temple: D:4-7

Altars:

Annotations:
D:5 1 transporter


Innate Abilities, Weirdness & Mutations

You have hooves in place of feet.
Armour fits poorly on your strangely shaped body.
You are a herbivore.
You cover ground very quickly.
You have extremely tough skin. (AC +3)


Message History

Okay, then.
Wield which item (- for none, * to show all)? (? for menu, Esc to quit)
Your +0 short sword of venom begins to drip with poison!
n - a +0 short sword of venom (weapon)
The fire bat bites you but does no damage.
You closely miss the fire bat. Your kick misses the fire bat.
The fire bat bites you.
You are engulfed in flames!
You closely miss the fire bat. The fire bat bites you.
You are engulfed in flames!
The fire bat bites you but does no damage.
The fire bat bites you.
You are engulfed in flames!
You closely miss the fire bat. The fire bat bites you.
* * * LOW HITPOINT WARNING * * *
You are engulfed in flames.
* * * LOW HITPOINT WARNING * * *
The fire bat bites you but does no damage.
You closely miss the fire bat. The fire bat bites you.
* * * LOW HITPOINT WARNING * * *
You are engulfed in flames!
You die...

....##.'.........#
.#...#.#.........#
..............####
........#........########
.........#######........#
#..#..##.#○○°○.########.#
.........#○°°○.#○°○°○○#.###
###
##.....###°○○○○#°○°°○☼#...#
#..
##.......#?$.○°b@#.#°○#...#
#.###
#....#..©#©!.°☼°...©☼°#©..#
#.##.
#....#...#$$.☼○○.#.#☼☼#...#
#.##.
#.##.#...#°○○○○#☼○°°○○#...#
#.##. #.
#.#.#.#○°○○°#☼○°○○°###.###.##.
#.
#...#.#☼☼°○☼########..........
#.
#####.#######..............###
#.........#..###...#######
#.#..####.#..###.##


You could see a fire bat.

Vanquished Creatures
  A phantom (D:5)
  A hound (D:5)
  2 worker ants (D:5)
  4 gnolls (D:3)
  An adder (D:2)
  A worm (D:2)
  2 leopard geckos (D:2)
  9 orcs
  2 giant cockroaches
  2 goblins (D:1)
  A hobgoblin (D:2)
  6 jackals
  5 kobolds
  A quokka (D:3)
  2 bats (D:1)
  A frilled lizard (D:2)
  2 rats
43 creatures vanquished.

Notes
Turn   | Place    | Note
-------+----------+-------------------------------------------
     0 | D:1      | evdryen the Centaur Hunter began the quest for the Orb.
     0 | D:1      | Reached XP level 1. HP: 17/17 MP: 1/1
    20 | D:1      | Upgraded the game from bcrawl-1.40 to bcrawl-1.40.1
   223 | D:1      | Reached XP level 2. HP: 24/24 MP: 2/2
   269 | D:2      | Found a faded altar of an unknown god.
   275 | D:2      | Reached skill level 6 in Bows
   428 | D:2      | Reached XP level 3. HP: 24/30 MP: 3/3
   587 | D:3      | Reached skill level 7 in Bows
   587 | D:3      | Reached XP level 4. HP: 35/37 MP: 4/4
   676 | D:4      | You fall into a shaft and drop 1 floor!
   676 | D:5      | Entered Level 5 of the Dungeon
   777 | D:5      | Reached skill level 1 in Armour
   970 | D:5      | Reached XP level 5. HP: 21/42 MP: 5/5
  1220 | D:5      | Found a transporter.
  1220 | D:5      | Noticed a phantom
  1228 | D:5      | Killed a phantom
  1229 | D:5      | Reached skill level 8 in Bows
  1229 | D:5      | Reached skill level 1 in Spellcasting
  1229 | D:5      | Reached XP level 6. HP: 51/51 MP: 5/7
  1232 | D:5      | Noticed a fire bat
  1299 | D:5      | Found a transporter.
  1343 | D:5      | Slain by a fire bat

Skill      XL: |  1  2  3  4  5 |
---------------+----------------+-----
Bows           | 6 7 8 |  8.1
Armour         | 1 |  1.8
Fighting       | 3 |  3.2
Spellcasting   | 1 |  1.0
Short Blades   | |  0.1
Dodging        | |  1.6
Stealth        | |  0.6

Action                   |  1- 3 |  4- 6 || total
-------------------------+-------+-------++-------
Melee: Shortbow          |    11 |       ||    11
       Kick              |     2 |     1 ||     3
       Short sword       |       |    12 ||    12
 Fire: Shortbow          |    64 |    45 ||   109
  Eat: Ration            |       |     1 ||     1
Armor: Leather armour    |    13 |     8 ||    21
Dodge: Dodged            |    21 |    14 ||    35
